 Dungeon Crawl Stone Soup version 0.28.0 (webtiles) character file.

Game seed: 10614867388458343855

186 shoop the Skirmisher (level 5, 0/54 HPs)
             Began as an Ogre Arcane Marksman on Feb 13, 2022.
             Slain by an adder (3 damage)
             ... on level 4 of the Dungeon.
             The game lasted 00:10:07 (5994 turns).

shoop the Skirmisher (Ogre Arcane Marksman)         Turns: 5994, Time: 00:10:08

Health: 0/54       AC:  3    Str: 16    XL:     5   Next: 66%
Magic:  5/6        EV:  9    Int: 14    God:
Gold:   96         SH:  0    Dex:  9    Spells: 2/6 levels left

rFire   + . .      SeeInvis .   j - +0 dagger
rCold   . . .      Faith    .   (no shield)
rNeg    . . .      Spirit   .   a - +0 robe
rPois   .          Reflect  .   (helmet restricted)
rElec   .          Harm     .   (no cloak)
rCorr   .          Rampage  .   (gloves unavailable)
Will    .....                   (boots unavailable)
Stlth   +.........              (no amulet)
HPRegen 0.18/turn               k - ring of protection from fire
MPRegen 0.10/turn               (no ring)

@: no status effects
A: large, unfitting armour, tough skin 1
a: no special abilities


You were on level 4 of the Dungeon.
You visited 1 branch of the dungeon, and saw 4 of its levels.

You collected 96 gold pieces.

Inventory:

Hand Weapons
 d - a +0 club
 j - a +0 dagger (weapon)
 w - a +0 giant spiked club
Missiles
 b - 3 large rocks
 e - 47 stones (quivered)
 t - a boomerang
Armour
 a - a +0 robe (worn)
Jewellery
 k - a ring of protection from fire (left hand)
Wands
 l - a wand of paralysis (10)
Scrolls
 g - a scroll of amnesia {unknown}
 h - a scroll of teleportation {unknown}
 i - 4 scrolls of identify {unknown}
 n - a scroll of fear {unknown}
 p - a scroll of fog {unknown}
 q - 3 scrolls of noise {unknown}
 r - a scroll of brand weapon {unknown}
 s - a scroll of vulnerability {unknown}
Potions
 f - 2 potions of curing {unknown}
 m - 2 potions of might {unknown}
 o - 2 potions of heal wounds {unknown}
 u - a potion of berserk rage {unknown}
 v - a potion of invisibility {unknown}
 x - 2 potions of ambrosia {unknown}


   Skills:
 + Level 4.3 Fighting
 + Level 0.7 Maces & Flails
 + Level 3.6 Throwing
 - Level 1.7 Dodging
 - Level 1.0 Stealth
 - Level 1.2 Spellcasting
 - Level 2.6 Hexes
 + Level 1.3 Evocations


You had 2 spell levels left.
You knew the following spells:

 Your Spells              Type           Power      Damage    Failure   Level
a - Slow                  Hex            32%        N/A       9%          1
c - Inner Flame           Hex/Fire       4%         N/A       41%         3

Your spell library contained the following spells:

 Spells                   Type           Power      Damage    Failure   Level
 Animate Skeleton         Necr           0%         N/A       26%         1
 Apportation              Tloc           0%         N/A       26%         1
 Summon Small Mammal      Summ           0%         N/A       26%         1
 Portal Projectile        Hex/Tloc       8%         N/A       41%         3
 Cause Fear               Hex            4%         N/A       65%         4


Dungeon Overview and Level Annotations

Branches:
Dungeon (4/15)
 Temple: D:4-7

Altars:

Annotations:
D:3 exclusion: 2 orcs
D:4 exclusion: ogre


Innate Abilities, Weirdness & Mutations

You are too large for most types of armour.
You have tough skin. (AC +1)


Message History

The adder is severely wounded.
You feel sick. The adder bites you but does no damage.
You hit the adder.
The adder is almost dead.
You feel sick.
You are no longer poisoned.
The adder bites you but does no damage.
You closely miss the adder.
The adder is almost dead.
The adder bites you but does no damage. x2
You closely miss the adder.
The adder is almost dead.
The adder bites you.
* * * LOW HITPOINT WARNING * * *
You are poisoned.
The adder poisons you!
You hit the adder but do no damage.
The adder is almost dead.
You feel sick. The adder bites you.
* * * LOW HITPOINT WARNING * * *
Throw: 2 throwing nets
Press: ? - help, Shift-Dir - straight line, f/p - adder
Aim: an adder (almost dead, 38% to hit)
You throw a throwing net.
The throwing net closely misses the adder.
You feel sick. The adder barely misses you.
Throw: throwing net
Press: ? - help, Shift-Dir - straight line, f/p - adder
Aim: an adder (almost dead, 38% to hit)
You throw a throwing net.
The throwing net closely misses the adder.
You feel sick. The adder closely misses you.
Throw: 4 large rocks
Press: ? - help, Shift-Dir - straight line, f/p - adder
Aim: an adder (almost dead, 38% to hit)
You throw a large rock. The large rock misses the adder.
You feel sick.
You are no longer poisoned.
The adder bites you.
You die...

# #.. #
##...........#
#..
#(...........
#.<
#...........
##.
#.......... #.
#.........
#.......
#..S.##
#@.####
#.....#...
#.........
##.####....
#..# ##. ###
#..# ###.##
##..#
###....##
#..##
##.......##
#..#


You could see an adder.

Vanquished Creatures
  A water moccasin skeleton (D:4)
  7 adders
  4 dart slugs
  2 orcs (D:3)
  4 ball pythons
  5 endoplasms
  A giant cockroach (D:1)
  7 goblins
  8 hobgoblins
  3 jackals (D:2)
  3 kobolds
  4 quokkas
  5 bats
  7 frilled lizards
  6 rats
67 creatures vanquished.

Notes
Turn   | Place    | Note
-------+----------+-------------------------------------------
     0 | D:1      | shoop the Ogre Arcane Marksman began the quest for the Orb.
     0 | D:1      | Reached XP level 1. HP: 19/19 MP: 2/2
   582 | D:1      | Reached skill level 2 in Fighting
   582 | D:1      | Reached XP level 2. HP: 19/28 MP: 3/3
  1553 | D:1      | Reached skill level 1 in Stealth
  1739 | D:1      | Reached XP level 3. HP: 34/36 MP: 0/4
  1857 | D:1      | Found a faded altar of an unknown god.
  2400 | D:2      | Reached skill level 3 in Fighting
  2771 | D:2      | Reached XP level 4. HP: 18/45 MP: 5/5
  3811 | D:3      | Learned a level 3 spell: Inner Flame
  4406 | D:3      | Reached skill level 1 in Evocations
  4406 | D:3      | Reached XP level 5. HP: 45/54 MP: 4/6
  4601 | D:3      | Reached skill level 4 in Fighting
  5363 | D:4      | Noticed an ogre
  5994 | D:4      | Slain by an adder

Illustrated notes

Levels and vault maps discovered:
D:1:      minmay_arrival_three_doors, layout_loops_corners,
          shapermc_ecumenical_altar_hornbeckon, kennysheep_another_room
D:2:      layout_basic, st_stairs_9
D:3:      layout_loops_corners, minivault_23
D:4:      layout_cave_pods, grunt_temple_overflow_champion_of_chaos,
          cheibriados_altar_1, kennysheep_nub

Skill      XL: |  1  2  3  4  5 |
---------------+----------------+-----
Fighting       | 2 3 4 |  4.3
Stealth        | 1 |  1.0
Throwing       | 3 |  3.6
Evocations     | 1 |  1.3
Maces & Flails | |  0.7
Dodging        | |  1.7
Spellcasting   | |  1.2
Hexes          | |  2.6

Action                   |  1- 3 |  4- 6 || total
-------------------------+-------+-------++-------
Melee: Club              |   119 |       ||   119
       Unarmed           |    13 |       ||    13
       Dagger            |    49 |   143 ||   192
       Giant spiked club |       |    42 ||    42
Throw: Large rock        |     5 |     1 ||     6
       Stone             |    62 |   104 ||   166
       Throwing net      |       |     2 ||     2
 Cast: Slow              |    29 |    28 ||    57
 Stab: Sleeping          |     1 |       ||     1
Armor: Robe              |    59 |    71 ||   130
Dodge: Dodged            |    95 |    97 ||   192
